 Dungeon Crawl Stone Soup version 0.27-a0-1434-g6f15984924 (webtiles) character file.

Game seed: 13316903467914673795

11 flotson the Sneak (level 2, 0/26 HPs)
             Began as a Draconian Delver on July 4, 2021.
             Slain by a gnoll shaman (4 damage)
             ... on level 4 of the Dungeon.
             The game lasted 00:02:05 (358 turns).

flotson the Sneak (Draconian Delver)                 Turns: 358, Time: 00:02:05

Health: 0/26       AC:  4    Str: 14    XL:     2   Next: 17%
Magic:  2/2        EV: 12    Int: 10    God:
Gold:   19         SH:  0    Dex: 12    Spells: 1/1 levels left

rFire    . . .     SeeInvis .   a - +0 hand axe
rCold    . . .     Faith    .   (no shield)
rNeg     . . .     Spirit   .   (armour unavailable)
rPois    .         Reflect  .   (helmet restricted)
rElec    .         Harm     .   (no cloak)
rCorr    .         Rampage  .   (no gloves)
Will     .....                  (no boots)
Stlth    +.........             (no amulet)
HPRegen  0.08/turn              (no ring)
MPRegen  0.08/turn              (no ring)

@: lit by a corona, glowing
A: AC +4, unfitting armour, cold-blooded
a: no special abilities


You were on level 4 of the Dungeon.
You visited 1 branch of the dungeon, and saw 2 of its levels.

You collected 19 gold pieces.

Inventory:

Hand Weapons
 a - a +0 hand axe (weapon)
Wands
 f - a wand of digging (2)


   Skills:
 + Level 3.5 Fighting
 + Level 2.3 Axes
 + Level 2.1 Dodging
 - Level 4.5 Stealth


You had one spell level left.
You didn't know any spells.
Your spell library was empty.

Dungeon Overview and Level Annotations

Branches:
Dungeon (5/15)
 Temple: D:4-7

Altars:


Innate Abilities, Weirdness & Mutations

Your plain brown scales are hard. (AC +4)
You cannot fit into any form of body armour.
You are cold-blooded and may be slowed by cold attacks.


Message History

Found 22 stones.
A gnoll comes into view. It is wielding a +0 halberd.
The gnoll shouts!
A gnoll shaman comes into view. It is wielding a +0 club.
A gnoll comes into view. It is wielding a +0 flail.
The gnoll shouts!
You hear a shout! x2; The gnoll shaman shouts!
You hear a shout!
As you read the scroll of fog, it crumbles to dust.
The scroll dissolves into smoke.
You aren't carrying any potions.
Unknown command.
The gnoll hits you with a +0 halberd!
Ouch! That really hurt!
You hit the gnoll.
Your tail-slap misses the gnoll.
The gnoll is moderately wounded.
The gnoll completely misses you.
You hit the gnoll shaman but do no damage.
The gnoll closely misses you.
You hit the gnoll shaman.
The gnoll shaman is lightly wounded.
The gnoll shaman hits you with a +0 club.
The gnoll hits you from afar with a +0 halberd.
* * * LOW HITPOINT WARNING * * *
The gnoll shaman hits you but does no damage.
You barely miss the gnoll shaman.
The gnoll shaman is lightly wounded.
The gnoll barely misses you.
The gnoll shaman calls down the wrath of its god upon you.
You are outlined in light.
You closely miss the gnoll shaman.
Your tail-slap misses the gnoll shaman.
The gnoll shaman is lightly wounded.
The gnoll closely misses you.
The gnoll shaman calls upon its god to speed up the gnoll.
The gnoll seems to speed up.
You hit the gnoll shaman but do no damage.
The gnoll shaman is lightly wounded.
You hear the brisk rusting of a drain very nearby.
The gnoll barely misses you.
The gnoll shaman hits you with a +0 club.
You die...

...#....####.##
# ##....###
#..## g.#
####.##
#.#.#####..g..
#.#
#.###.....g....
#.# #.
##.####.... ###
#. #§## . .#
#g# . #g##
##@## ##§# ###


You could see a gnoll shaman and a gnoll (fast).

Vanquished Creatures
  An adder (D:4)
  An endoplasm (D:4)
  A hobgoblin (D:4)
3 creatures vanquished.

Notes
Turn   | Place    | Note
-------+----------+-------------------------------------------
     0 | D:5      | flotson the Draconian Delver began the quest for the Orb.
     0 | D:5      | Reached XP level 1. HP: 19/19 MP: 1/1
    24 | D:5      | Noticed a water moccasin
    41 | D:5      | Noticed an ogre
    46 | D:5      | Noticed a jelly
   249 | D:4      | Reached XP level 2. HP: 22/26 MP: 2/2
   358 | D:4      | Slain by a gnoll shaman

Illustrated notes

Levels and vault maps discovered:
D:4:      layout_layer_cave, gup_sewer_entry_glass, uniq_duvessa, uniq_pikel
D:5:      layout_rooms

Skill      XL: |  1 |
---------------+----+-----
Dodging        | 2 |  2.1
Fighting       | |  3.5
Axes           | |  2.3
Stealth        | |  4.5

Action                   || total
-------------------------++-------
Melee: Hand axe          ||    24
Evoke: Wand              ||     1
  Use: Scroll            ||     3
       Potion            ||     1
Armor: Skin              ||     8
Dodge: Dodged            ||    16

Table legend: (Time is in decaauts)
 A = Elapsed time spent in this place.
 B = Non-inter-level travel time spent in this place.
 C = Inter-level travel time spent in this place.
 D = Time resting spent in this place.
 E = Time spent auto-exploring this place.
 F = Levels seen in this place.
 G = Mean time per level.
                   A        B        C        D        E       F      G
               +--------+--------+--------+--------+--------+-----+--------+
         Total |    347 |    347 |      0 |     50 |     79 |   2 |  173.5 |
       Dungeon |    347 |    347 |      0 |     50 |     79 |   2 |  173.5 |
               +--------+--------+--------+--------+--------+-----+--------+

Top non-repeatable levels by time:
     D:4: 304 daAuts
     D:5: 42 daAuts
